 Dungeon Crawl Stone Soup version 0.31.0-11-ge490571c62 (webtiles) character file.

Game seed: 9474828911823494850

58 qw the Shooter (level 3, -1/18 HPs)
             Began as a Spriggan Hunter on Feb 5, 2024.
             Succumbed to an adder's poison
             ... on level 2 of the Dungeon.
             The game lasted 00:01:03 (1277 turns).

qw the Shooter (Spriggan Hunter)                    Turns: 1277, Time: 00:01:04

Health: -1/18      AC:  2    Str:  7    XL:     3   Next: 75%
Magic:  4/4        EV: 19    Int: 10    God:
Gold:   38         SH:  0    Dex: 20    Spells: 2/2 levels left

rFire   . . .        a - +1 shortbow
rCold   . . .        (shield currently unavailable)
rNeg    . . .        c - +0 robe
rPois   .            (helmet restricted)
rElec   .            (no cloak)
rCorr   .            (gloves unavailable)
SInv    +            (boots unavailable)
Will    .....        (no amulet)
Stlth   ++           (no ring)
HPRegen 0.23/turn    (no ring)
MPRegen 0.09/turn

%: no passive effects
@: lethally poisoned (-1 -> -7), very quick
A: very small, no large weapons, unfitting armour, see invisible, speed 3
a: no special abilities


You were on level 2 of the Dungeon.
You visited 1 branch of the dungeon, and saw 2 of its levels.

You collected 38 gold pieces.


Innate Abilities, Weirdness & Mutations

You are very small and have problems with some larger weapons.
You are too small for most types of armour.
You have supernaturally acute eyesight. (SInv)
You cover ground extremely quickly. (Speed+++)


   Skills:
 - Level 1.5 Fighting
 + Level 4.9 Ranged Weapons
 - Level 4.0 Dodging
 - Level 1.5 Stealth


You had 2 spell levels left.
You didn't know any spells.
Your spell library was empty.

Inventory:

Hand Weapons
 a - a +1 shortbow (weapon)
Armour
 c - a +0 robe (worn)
Scrolls
 b - 2 scrolls of noise {unknown}
Potions
 d - a potion of resistance
 k - a potion of lignification {unknown}
 m - a potion of curing {unknown}
 n - a potion of cancellation {unknown}

Dungeon Overview and Level Annotations

Branches:
Dungeon (2/15)

Altars:


Message History

Found an escape hatch in the floor.
b - 2 scrolls labelled HONLER RUELU You open the door.
There is a stone staircase leading up here.
You see here a jackal corpse.
An adder comes into view.
You shoot an arrow. The adder hisses angrily.
The arrow hits the adder but does no damage.
A frilled lizard comes into view.
The adder closely misses you.
The frilled lizard moves out of view.
You shoot an arrow. The arrow closely misses the adder.
You hear an angry hiss.
The adder barely misses you.
You shoot an arrow. The arrow hits the adder.
The adder is heavily wounded.
The adder bites you.
You are poisoned.
The adder poisons you! The adder bites you.
You are more poisoned.
The adder poisons you!
You shoot an arrow. The arrow hits the adder.
The adder is almost dead.
You feel very sick. The adder bites you.
You shoot an arrow. The arrow closely misses the adder.
You feel sick. The adder barely misses you. The adder completely misses you.
You shoot an arrow. The arrow hits the adder.
The adder is almost dead.
You feel sick. The adder closely misses you.
You shoot an arrow. The arrow barely misses the adder.
You feel sick. The adder bites you.
You are more poisoned.
The adder poisons you! The adder completely misses you.
You shoot an arrow. The arrow hits the adder.
You kill the adder!
You feel sick.
You shoot an arrow. The arrow hits the frilled lizard!
You kill the frilled lizard!
You die...

#...........#
#.#
#......>....#
#.#####
#######.....#
#.....#
#.....#
#########.#
####.....#
#.........#
#....#####
#.#########
#.#### #.#
#####.# #.#
......# #@#
#######
#.%....#
###......
#####.


There were no monsters in sight!

Vanquished Creatures
  An adder (D:2)
  A ribbon worm (D:2)
  4 endoplasms
  2 giant cockroaches (D:1)
  2 goblins (D:1)
  6 hobgoblins
  8 jackals
  3 ball pythons (D:1)
  5 bats
  2 frilled lizards
  5 kobolds
  3 rats (D:1)
42 creatures vanquished.

Notes
Turn   | Place    | Note
-------+----------+-------------------------------------------
     0 | D:1      | qw the Spriggan Hunter began the quest for the Orb.
     0 | D:1      | Reached XP level 1. HP: 10/10 MP: 2/2
     0 | D:1      | 0 ||| qw: Version: 0.3-a-160-g6735b56
     0 | D:1      | 0 ||| qw: Game counter: 6390
     0 | D:1      | 0 ||| qw: Melee chars always use a shield: true
     0 | D:1      | 0 ||| qw: God list: Okawaru
     0 | D:1      | 0 ||| qw: Allow faded altars: false
     0 | D:1      | 0 ||| qw: Do Orc after clearing Dungeon:15 true
     0 | D:1      | 0 ||| qw: Do second Lair branch before Depths: true
     0 | D:1      | 0 ||| qw: Lair rune preference: random
     0 | D:1      | 0 ||| qw: Goals: Normal
     0 | D:1      | 0 ||| PLANNING D:1-11
    45 | D:1      | Reached skill level 3 in Dodging
   190 | D:1      | Reached XP level 2. HP: 14/14 MP: 3/3
   447 | D:1      | Reached XP level 3. HP: 18/18 MP: 4/4
   923 | D:1      | 923 ||| DROPPING amulet of magic regeneration.
   924 | D:1      | 924 ||| READING 3 scrolls labelled MEZAESU SOYFA.
   925 | D:1      | 925 ||| READING scroll labelled TYTIPEL USIS.
   925 | D:1      | 925 ||| ENCHANTING +0 shortbow.
   926 | D:1      | 926 ||| READING scroll labelled PALOUK JIOCOGUYJUMM.
   927 | D:1      | 927 ||| READING scroll labelled LIEJOA DUARO.
   928 | D:1      | 928 ||| READING scroll labelled XUUKHA WIACACS.
   928 | D:1      | 928 ||| IDENTIFYING green potion
   929 | D:1      | 929 ||| READING scroll labelled ARANWO CAOGGYO.
   930 | D:1      | 930 ||| READING scroll labelled KOLIEGEEDAY.
   964 | D:1      | 964 ||| DROPPING scroll of butterflies.
   965 | D:1      | 965 ||| DROPPING 2 scrolls of fog.
  1275 | D:2      | HP: 2/18 [adder (3)]
  1277 | D:2      | Succumbed to an adder's poison

Levels and vault maps discovered:
D:1:      lightli_iron_boxes, layout_loops_corners, kennysheep_boxes
D:2:      layout_basic, kennysheep_generic_room_14

Skill      XL: |  1  2 |
---------------+-------+-----
Dodging        | 3 4 |  4.0
Fighting       | |  1.5
Ranged Weapons | |  4.9
Stealth        | |  1.5

Action                     || total
---------------------------++-------
   Fire: Shortbow          ||   115
    Use: Scroll            ||     7
 Armour: Robe              ||    12
  Dodge: Dodged            ||    46

Table legend:
 A = Non-vault XP
 B = Vault XP
 C = Vault XP percentage of total XP
 D = Non-vault monster count
 E = Vault monster count
 F = Vault count percentage of total count
                 A         B        C        D         E       F
            +---------+---------+-------+---------+---------+-------
      Total |      84 |       0 |   0.0 |      42 |       0 |   0.0
            +---------+---------+-------+---------+---------+-------
        D:1 |      52 |       0 |   0.0 |      31 |       0 |   0.0
        D:2 |      32 |       0 |   0.0 |      11 |       0 |   0.0
            +---------+---------+-------+---------+---------+-------
